 Dungeon Sprint DCSS version 0.31-a0-743-g45f7035092 (webtiles) character file.

Game seed: 13596714624447564593

11457 sircluck the Brawler (level 11, -4/131 HPs)
             Began as a Troll Berserker on Sept 12, 2023.
             Was the Champion of Trog.
             Slain by a culicivora (22 damage)
             ... in the Dungeon (Sprint VII: "The Pits").
             The game lasted 00:05:55 (1358 turns).

sircluck the Brawler (Troll Berserker)              Turns: 1358, Time: 00:05:56

Health: -4/131     AC: 10    Str: 31    XL:     11   Next: 49%
Magic:  10/10      EV: 21    Int:  3    God:    Trog [******]
Gold:   41         SH:  0    Dex:  9    Spells: 10/10 levels left

rFire   . .          .
                       - Unarmed
rCold   . . .        (no shield)
rNeg    . . .        g - +1 acid dragon scales
rPois   .            (helmet restricted)
rElec   .            n - +0 cloak
rCorr   +            (gloves unavailable)
SInv    .            (boots unavailable)
Will    .....        (no amulet)
Stlth   +            k - +3 ring of evasion
HPRegen 1.21/turn    s - +5 ring of evasion
MPRegen 0.12/turn

%: no teleportation
@: lethally poisoned (-4 -> -17)
A: large, unfitting armour, claws 3, regeneration 1, shaggy fur 1, tough skin 1
a: Renounce Religion, Berserk, Trog's Hand, Brothers in Arms


You were in the Dungeon.
You worshipped Trog.
Trog was exalted by your worship.
You visited 1 branch You collected 41 gold pieces.

Inventory:

Missiles
 t - a throwing net
Armour
 a - a +0 animal skin
 g - +1 acid dragon scales (worn)
 n - a +0 cloak (worn)
Jewellery
 k - a +3 ring of evasion (left claw)
 l - a +3 ring of evasion
 q - a ring of ice
 s - a +5 ring of evasion (right claw)
Scrolls
 i - 2 scrolls of vulnerability
 j - a scroll of butterflies
 o - 3 scrolls of enchant weapon
 p - 3 scrolls of identify
 u - a scroll of immolation
 w - 2 scrolls of fear
 x - a scroll of enchant armour
 y - a scroll of blinking
 z - a scroll of fog
Potions
 b - 6 potions of curing
 c - 24 potions of heal wounds
 d - 2 potions of haste
 e - 4 potions of magic
 f - 7 potions of berserk rage
 h - a potion of invisibility
 m - a potion of might
 r - a potion of cancellation
 v - a potion of mutation


   Skills:
 + Level 14.5 Fighting
 + Level 14.4 Dodging
 + Level 16.9 Unarmed Combat


You had 10 spell levels left.
You didn't know any spells.
Your spell library was empty.

Dungeon Overview and Level Annotations

Branches:
Dungeon (1/1)

Altars:
Ashenzari
Cheibriados
Dithmenos
Elyvilon
Fedhas
Gozag
Hepliaklqana
Kikubaaqudgha
Makhleb
Nemelex Xobeh
Okawaru
Qazlal
Ru
Sif Muna
Trog
Uskayaw
Vehumet
Wu Jian
Xom
Yredelemnul
Zin
The Shining One
Jiyva
Lugonu


Innate Abilities, Weirdness & Mutations

You are too large for most types of armour.
You have claws for hands.
Your natural rate of healing is unusually fast.
You are covered in fur. (AC +1)
You have tough skin. (AC +1)


Message History

You kill the demonic crawler!
Trog accepts your kill. The culicivora barely misses you.
The redback bites you.
You are poisoned.
The redback poisons you!
Unknown command.
Unknown command.
You mangle the jumping spider!! Your claw misses the jumping spider.
The jumping spider is almost dead.
You feel extremely sick.
The jumping spider closely misses you. x2; The culicivora bites you!
The culicivora draws strength from your injuries!
The redback closely misses you.
You are too injured to fight recklessly!
You are too injured to fight recklessly!
You are too injured to fight recklessly!
You are too injured to fight recklessly!
You are too injured to fight recklessly!
You are too injured to fight recklessly!
You are too injured to fight recklessly!
You are too injured to fight recklessly!
You are too injured to fight recklessly!
You eviscerate the jumping spider!!!
You kill the jumping spider!
Trog accepts your kill.
You feel extremely sick. The culicivora completely misses you.
The redback barely misses you.
You eviscerate the redback!!!
You kill the redback!
Trog accepts your kill.
You feel very sick. The culicivora bites you!
* * * LOW HITPOINT WARNING * * *
The culicivora draws strength from your injuries!
You feel extremely sick. The culicivora bites you!
* * * LOW HITPOINT WARNING * * *
The culicivora draws strength from your injuries!
The culicivora bites you!!
You die...

.....# .....# #..# ######
#..# ###### #..# .##..# #..#
.##..# #..# .''..# #w.#
.''..##########†s#
.##.............@#
.##..............#
##################
############ ###############
...........###..##....#.!#..#
...)).......#..##.#.#.#..#:.#
...#'######...##......#..#..#
####)##...##'##.#.#.#.#.!#.(#
.##...#...#...#.......##'##'#


You could see a tyrant leech and a culicivora.

Vanquished Creatures
  A hydra (D)
  An alligator snapping turtle (D)
  A death yak (D)
  A demonic crawler (D)
  A sun demon (D)
  An elephant (D)
  A rime drake (D)
  An unseen horror (D)
  A guardian mummy (D)
  A tyrant leech (D)
  A snapping turtle (D)
  6 dream sheep (D)
  A jumping spider (D)
  6 yaks (D)
  2 wraiths (D)
  A basilisk (D)
  A steam dragon (D)
  3 redbacks (D)
  A vampire mosquito (D)
  An acid dragon (D)
  2 water moccasins (D)
  An ogre (D)
  4 wolves (D)
  A phantom (D)
  Blork the orc (D)
  A bullfrog (D)
  A scorpion (D)
  A quasit (D)
  Crazy Yiuf (D)
  3 hell rats (D)
  3 adders (D)
  2 gnolls (D)
  A white imp (D)
  A worm (D)
  A bat (D)
  An endoplasm (D)
  A goblin (D)
  2 jackals (D)
  A ball python zombie (D)
  A kobold (D)
  3 rats (D)
66 creatures vanquished.

Vanquished Creatures (collateral kills)
  A demonic crawler (D)
  An efreet (D)
  A hellwing (D)
  A troll (D)
  A flying skull (D)
  A shadow (D)
  7 yaks (D)
  A vampire mosquito (D)
  An orc warrior (D)
  A swamp drake (D)
  A centaur (D)
  A gnoll sergeant (D)
  An iron imp (D)
  2 gnolls (D)
  An adder (D)
  2 orcs (D)
  A kobold (D)
25 creatures vanquished.

Vanquished Creatures (others)
  A dream sheep (D)
  A yak (D)
2 creatures vanquished.

Grand Total: 93 creatures vanquished

Notes
Turn   | Place    | Note
-------+----------+-------------------------------------------
     0 | D        | sircluck the Troll Berserker began the quest for the Orb.
     0 | D        | Reached XP level 1. HP: 22/22 MP: 0/0
   156 | D        | Found a bloodstained altar of Trog.
   156 | D        | Found a shimmering blue altar of Sif Muna.
   156 | D        | Found a viscous altar of Jiyva.
   156 | D        | Found a hazy altar of Hepliaklqana.
   156 | D        | Found an opulent altar of Gozag.
   157 | D        | Found a glowing golden altar of the Shining One.
   157 | D        | Found a glowing silver altar of Zin.
   157 | D        | Found a basalt altar of Yredelemnul.
   157 | D        | Found a shimmering altar of Xom.
   157 | D        | Found an ornate altar of the Wu Jian Council.
   157 | D        | Found a sacrificial altar of Ru.
   157 | D        | Found a stormy altar of Qazlal.
   157 | D        | Found an iron altar of Okawaru.
   157 | D        | Found a sparkling altar of Nemelex Xobeh.
   157 | D        | Found a burning altar of Makhleb.
   157 | D        | Found a blossoming altar of Fedhas.
   157 | D        | Found a white marble altar of Elyvilon.
   157 | D        | Found a shadowy altar of Dithmenos.
   157 | D        | Found a snail-covered altar of Cheibriados.
   159 | D        | Found a radiant altar of Vehumet.
   159 | D        | Found a corrupted altar of Lugonu.
   160 | D        | Found a hide-covered altar of Uskayaw.
   160 | D        | Found an ancient bone altar of Kikubaaqudgha.
   160 | D        | Found a broken altar of Ashenzari.
   193 | D        | Reached XP level 2. HP: 27/31 MP: 1/1
   193 | D        | Reached ** piety under Trog
   203 | D        | Reached skill level 4 in Unarmed Combat
   210 | D        | Noticed a scorpion
   217 | D        | Killed a scorpion
   218 | D        | Reached skill level 5 in Unarmed Combat
   218 | D        | Reached XP level 3. HP: 18/40 MP: 2/2
   218 | D        | Reached XP level 4. HP: 23/49 MP: 3/3
   221 | D        | Reached *** piety under Trog
   304 | D        | Noticed Crazy Yiuf
   304 | D        | Noticed a bullfrog
   317 | D        | Killed a bullfrog
   317 | D        | Reached **** piety under Trog
   318 | D        | Reached skill level 5 in Fighting
   318 | D        | Reached skill level 5 in Dodging
   318 | D        | Reached skill level 6 in Unarmed Combat
   318 | D        | Reached XP level 5. HP: 58/58 MP: 4/4
   322 | D        | Killed Crazy Yiuf
   323 | D        | Reached skill level 7 in Unarmed Combat
   337 | D        | Noticed an ogre
   342 | D        | Killed an ogre
   342 | D        | Reached ***** piety under Trog
   343 | D        | Reached XP level 6. HP: 20/68 MP: 5/5
   391 | D        | Noticed a water moccasin
   396 | D        | Killed a water moccasin
   397 | D        | Reached skill level 8 in Unarmed Combat
   409 | D        | Killed an unseen horror
   410 | D        | Reached skill level 9 in Unarmed Combat
   410 | D        | Reached XP level 7. HP: 46/80 MP: 6/6
   412 | D        | Noticed Blork the orc
   413 | D        | Received a gift from Trog
   418 | D        | Killed Blork the orc
   422 | D        | Reached skill level 10 in Unarmed Combat
   583 | D        | Noticed a yak
   583 | D        | Noticed a yak
   583 | D        | Noticed a yak
   583 | D        | Noticed a yak
   583 | D        | Noticed a yak
   583 | D        | Noticed a vampire mosquito
   583 | D        | Noticed a vampire mosquito
   586 | D        | Killed a yak
   586 | D        | Killed a yak
   586 | D        | Received a gift from Trog
   587 | D        | Reached XP level 8. HP: 92/92 MP: 7/7
   588 | D        | Reached skill level 11 in Unarmed Combat
   591 | D        | Reached skill level 10 in Fighting
   593 | D        | Reached skill level 10 in Dodging
   606 | D        | Noticed a troll
   608 | D        | Reached skill level 12 in Unarmed Combat
   608 | D        | Received a gift from Trog
   610 | D        | Reached XP level 9. HP: 102/102 MP: 8/8
   613 | D        | Reached ****** piety under Trog
   614 | D        | Killed a troll
   625 | D        | Noticed a tyrant leech
   625 | D        | Noticed a rime drake
   633 | D        | Killed a tyrant leech
   636 | D        | Reached skill level 13 in Unarmed Combat
   637 | D        | Killed a rime drake
   696 | D        | Noticed a death yak
   697 | D        | Noticed a five-headed hydra
   700 | D        | Killed a death yak
   700 | D        | Received a gift from Trog
   758 | D        | Killed an eight-headed hydra
   759 | D        | Reached skill level 14 in Unarmed Combat
   759 | D        | Reached XP level 10. HP: 115/115 MP: 9/9
   837 | D        | Received a gift from Trog
   876 | D        | Reached skill level 15 in Unarmed Combat
   958 | D        | Noticed an elephant
   969 | D        | Killed an elephant
   971 | D        | Received a gift from Trog
  1016 | D        | Noticed a demonic crawler
  1016 | D        | Noticed a sun demon
  1029 | D        | Killed a demonic crawler
  1030 | D        | Reached XP level 11. HP: 127/127 MP: 10/10
  1032 | D        | Received a gift from Trog
  1039 | D        | Reached skill level 16 in Unarmed Combat
  1040 | D        | Noticed an alligator snapping turtle
  1049 | D        | Received a gift from Trog
  1058 | D        | Killed an alligator snapping turtle
  1062 | D        | Killed a sun demon
  1299 | D        | Received a gift from Trog
  1348 | D        | Noticed a demonic crawler
  1354 | D        | Killed a demonic crawler
  1358 | D        | Slain by a culicivora

Illustrated notes

Levels and vault maps discovered:
D:        pitsprint [storerooms_1, entrance_room_1, metal_vault_1, armoury_1,
          mini_pit_1, grid_room_1, main_hall_1, silver_pit, the_coven_3,
          the_vestibule_1, steel_vault_3, golden_pit, hallway_of_sentries,
          crystal_vault_4, iron_vault_1, final_vault]

Skill      XL: |  1  2  3  4  5  6  7  8  9 10 11 |
---------------+----------------------------------+-----
Fighting       | 3 4 5 6 8 9 10 12 13 14 | 14.5
Dodging        | 3 4 5 6 8 9 10 12 13 14 | 14.4
Unarmed Combat | 5 6 7 9 10 12 14 15 16 | 16.9

Action                     |  1- 3 |  4- 6 |  7- 9 | 10-12 || total
---------------------------+-------+-------+-------+-------++-------
  Melee: Unarmed           |    17 |    32 |    39 |   103 ||   191
         Punch             |       |     1 |     1 |    12 ||    14
 Invoke: Brothers in Arms  |       |       |     2 |     1 ||     3
         Berserk           |       |       |     2 |     1 ||     3
    Use: Scroll            |       |       |     1 |     1 ||     2
         Potion            |       |       |       |     3 ||     3
   Stab: Sleeping          |       |     1 |       |       ||     1
         Invisible         |       |       |       |     6 ||     6
 Armour: Animal skin       |    15 |    21 |    31 |    49 ||   116
         Acid dragon scale |       |       |       |    32 ||    32
  Dodge: Dodged            |     5 |    25 |    38 |   115 ||   183

Table legend: (Time is in decaauts)
 A = Elapsed time spent in this place.
 B = Non-inter-level travel time spent in this place.
 C = Inter-level travel time spent in this place.
 D = Time resting spent in this place.
 E = Time spent auto-exploring this place.
 F = Levels seen in this place.
 G = Mean time per level.
                   A        B        C        D        E       F      G
               +--------+--------+--------+--------+--------+-----+--------+
         Total |   1356 |   1349 |      7 |    288 |    179 |   1 | 1356.0 |
       Dungeon |   1356 |   1349 |      7 |    288 |    179 |   1 | 1356.0 |
               +--------+--------+--------+--------+--------+-----+--------+

Top non-repeatable levels by time:
       D: 1356 daAuts
